 Dungeon Crawl Stone Soup version 0.28.0-45-g0d030f2227 (webtiles) character file.

Game seed: 14388880930142937167

1238 Icepheonix32 the Ruffian (level 8, -11/61 HPs)
             Began as a Demonspawn Fighter on Apr 12, 2022.
             Mangled by Prince Ribbit (17 damage)
             ... on level 5 of the Dungeon.
             The game lasted 00:06:34 (5710 turns).

Icepheonix32 the Ruffian (Demonspawn Fighter)       Turns: 5710, Time: 00:06:35

Health: -11/61     AC:  7    Str: 20    XL:     8   Next: 25%
Magic:  8/8        EV: 11    Int:  9    God:
Gold:   183        SH:  0    Dex: 12    Spells: 7/7 levels left

rFire   . . .      SeeInvis .     - Unarmed
rCold   . . .      Faith    .   (no shield)
rNeg    . . .      Spirit   .   h - +0 ring mail
rPois   .          Reflect  .   g - +0 helmet
rElec   .          Harm     .   (no cloak)
rCorr   .          Rampage  .   (no gloves)
Will    .....      Rage     1%  (no boots)
Stlth   +.........              k - amulet of magic regeneration
HPRegen 0.20/turn               (no ring)
MPRegen 0.51/turn               (no ring)

@: mighty, studying Dodging
A: claws 2, hooves 2, powered by death 2, berserk 1, MP-powered wands
a: no special abilities


You were on level 5 of the Dungeon.
You visited 2 branches of the dungeon, and saw 7 of its levels.

You collected 183 gold pieces.

Inventory:

Hand Weapons
 a - a +0 war axe
Missiles
 o - 3 boomerangs (quivered)
Armour
 b - a +0 scale mail
 c - a +0 buckler
 g - a +0 helmet (worn)
 h - a +0 ring mail (worn)
Magical Staves
 w - a staff of air
Jewellery
 k - an amulet of magic regeneration (around neck)
 t - a ring of wizardry
Wands
 s - a wand of charming (8)
 v - a wand of mindburst (17)
 y - a wand of iceblast (7)
Scrolls
 d - a scroll of teleportation
 f - 2 scrolls of blinking
 j - 2 scrolls of immolation
 r - a scroll of enchant weapon
 u - a scroll of fear
 x - a scroll of brand weapon
Potions
 e - 3 potions of lignification
 i - a potion of curing
 n - a potion of haste
 p - 2 potions of might


   Skills:
 + Level 4.6 Fighting
 - Level 2.1 Axes
 + Level 1.3 Throwing
 + Level 4.6 Armour
 * Level 2.2 Dodging
 + Level 1.2 Stealth
 - Level 2.9 Shields
 * Level 6.4 Unarmed Combat


You had 7 spell levels left.
You didn't know any spells.
Your spell library contained the following spells:

 Spells                   Type           Power      Damage    Failure   Level
 Magic Dart               Conj           0%         1d3       54%         1
 Searing Ray              Conj           0%         2d4       69%         2
 Call Canine Familiar     Summ           0%         N/A       89%         3
 Portal Projectile        Hex/Tloc       0%         N/A       89%         3
 Fulminant Prism          Conj/Hex       0%         3d6       100%        4
 Leda's Liquefaction      Hex/Erth       0%         N/A       100%        4


Dungeon Overview and Level Annotations

Branches:
Dungeon (6/15)             Temple (1/1) D:4

Altars:
Cheibriados
Dithmenos
Elyvilon
Gozag
Kikubaaqudgha
Makhleb
Nemelex Xobeh
Qazlal
Ru
Trog
Uskayaw
Xom
Yredelemnul
Zin
The Shining One
Lugonu

Annotations:
D:5 Prince Ribbit
D:6 Eustachio


Innate Abilities, Weirdness & Mutations

You have very sharp fingernails.
You have hoof-like feet.
You regenerate health from kills.
You tend to lose your temper in combat.
You expend magic power (3 MP) to strengthen your wands.


Message History

The centaur shoots an arrow.
The arrow hits you!
The centaur shoots an arrow.
The arrow hits you!
Eustachio the Magnificent comes into view.
He is wielding a +0 rapier.
The centaur shoots an arrow.
The arrow hits you but does no damage.
The centaur shoots an arrow.
The arrow hits you.
You see here 17 stones.
The centaur shoots an arrow.
The arrow barely misses you.
The centaur shoots an arrow.
The arrow hits you.
Eustachio mumbles some strange words.
Eustachio blinks!
The centaur shoots an arrow.
The arrow completely misses you.
Eustachio casts a spell.
The centaur shoots an arrow.
The arrow hits you.
Prince Ribbit hits you but does no damage.
The centaur shoots an arrow.
The arrow hits you!
Eustachio mumbles some strange words.
Prince Ribbit closely misses you.
The centaur shoots an arrow.
The arrow hits you.
* * * LOW HITPOINT WARNING * * *
Unknown command.
Prince Ribbit hits you but does no damage.
Unknown command.
The shadow imp picks up a beetle and eats it.
There is a stone staircase leading up, spattered with blood here.
Prince Ribbit closely misses you.
Eustachio brags, "I can call spirits from the vasty deep."
Eustachio gestures wildly while chanting.
Prince Ribbit misses you.
You climb upwards.
There is a stone staircase leading down, spattered with blood here.
You scratch Prince Ribbit but do no damage.
Your kick misses Prince Ribbit. Prince Ribbit barely misses you.
You miss Prince Ribbit. Prince Ribbit hits you!
* * * LOW HITPOINT WARNING * * *
You feel better. Prince Ribbit hits you!
* * * LOW HITPOINT WARNING * * *
Prince Ribbit hits you but does no damage.
You feel very mighty all of a sudden. Prince Ribbit hits you!
You die...

#.≈.....≈..# #..#
##...≈.≈....###..# ###
....≈≈.≈≈.).##..## #.##
..........#[##..# ##..#
...............## #...#
...............####..##
.......#######..##...#
......## #..##...#
.....## ##.@....#
....## #.F....# ..###
##....### ### #......#
# ###.....## ##
##..####.## .## ###..##
##.# #.# ##..### ###
.## ###..##


You could see Prince Ribbit.

Vanquished Creatures
  Grinder (D:4)
  Sigmund (D:2)
  Duvessa (D:5)
  A necrophage (D:5)
  2 scorpions (D:4)
  A water moccasin skeleton (D:5)
  Dowan (D:5)
  2 hounds (D:5)
  2 bullfrog skeletons (D:4)
  An orc priest (D:4)
  A jelly (D:3)
  3 iguanas
  An orc wizard (D:5)
  Ijyb (D:4)
  A hound zombie (D:5)
  Robin (D:2)
  7 adders
  A worm (D:3)
  2 dart slugs
  14 orcs
  3 endoplasms (D:1)
  6 giant cockroaches
  14 goblins
  10 hobgoblins
  3 jackals (D:3)
  8 quokkas
  4 ball pythons
  3 bats
  3 frilled lizards
  5 kobolds
  9 rats
113 creatures vanquished.

Notes
Turn   | Place    | Note
-------+----------+-------------------------------------------
     0 | D:1      | Icepheonix32 the Demonspawn Fighter began the quest for the
                  | Orb.
     0 | D:1      | Reached XP level 1. HP: 18/18 MP: 1/1
   193 | D:1      | Discovered your monstrous ancestry.
   193 | D:1      | Gained mutation: You have sharp fingernails. [demonic
                  | ancestry]
   193 | D:1      | Reached XP level 2. HP: 22/24 MP: 2/2
   516 | D:1      | Found a faded altar of an unknown god.
   659 | D:1      | Gained mutation: You have large cloven feet. [demonic
                  | ancestry]
   659 | D:1      | Reached XP level 3. HP: 17/29 MP: 3/3
   863 | D:2      | Noticed Sigmund
   876 | D:2      | Killed Sigmund
   877 | D:2      | Reached skill level 2 in Unarmed Combat
   877 | D:2      | Reached XP level 4. HP: 3/37 MP: 4/4
   877 | D:2      | Reached XP level 5. HP: 3/42 MP: 5/5
  1199 | D:2      | Noticed Robin
  1214 | D:2      | Killed Robin
  2298 | D:3      | Gained mutation: You have very sharp fingernails. [demonic
                  | ancestry]
  2298 | D:3      | Reached XP level 6. HP: 48/48 MP: 6/6
  2334 | D:3      | Found a snail-covered altar of Cheibriados.
  2378 | D:3      | Reached skill level 3 in Unarmed Combat
  2472 | D:3      | Found a hide-covered altar of Uskayaw.
  3120 | D:4      | Reached skill level 1 in Dodging
  3197 | D:4      | Noticed Ijyb
  3211 | D:4      | Killed Ijyb
  3211 | D:4      | Noticed Grinder
  3224 | D:4      | Killed Grinder
  3225 | D:4      | Reached skill level 1 in Throwing
  3225 | D:4      | Reached skill level 4 in Unarmed Combat
  3225 | D:4      | Gained mutation: You regenerate a little health from kills.
                  | [demonic ancestry]
  3225 | D:4      | Reached XP level 7. HP: 40/55 MP: 7/7
  3352 | D:4      | Found a staircase to the Ecumenical Temple.
  3433 | D:4      | Reached skill level 5 in Unarmed Combat
  3471 | Temple   | Entered the Ecumenical Temple
  4287 | D:4      | Gained mutation: You tend to lose your temper in combat.
                  | [potion of mutation]
  4287 | D:4      | Gained mutation: You have hoof-like feet. [potion of
                  | mutation]
  4287 | D:4      | Gained mutation: You expend magic power (3 MP) to
                  | strengthen your wands. [potion of mutation]
  4305 | D:5      | Entered Level 5 of the Dungeon
  4323 | D:5      | Reached skill level 1 in Stealth
  4631 | D:5      | Found a sacrificial altar of Ru.
  4979 | D:5      | Found a basalt altar of Yredelemnul.
  5002 | D:5      | Noticed Duvessa
  5002 | D:5      | Noticed Dowan
  5017 | D:5      | Killed Duvessa
  5018 | D:5      | Reached skill level 6 in Unarmed Combat
  5018 | D:5      | Gained mutation: You regenerate health from kills. [demonic
                  | ancestry]
  5018 | D:5      | Reached XP level 8. HP: 45/61 MP: 8/8
  5030 | D:5      | Killed Dowan
  5564 | D:5      | Identified a scroll of acquirement
  5565 | D:5      | Acquired a manual of Dodging
  5693 | D:6      | Noticed Prince Ribbit
  5695 | D:6      | Noticed Eustachio
  5710 | D:5      | Mangled by Prince Ribbit

Illustrated notes

Levels and vault maps discovered:
D:1:      roderic_chinese_lattice_arrival, layout_rooms,
          hellmonk_ecumenical_altar_blasted, item_on_display_a
D:2:      layout_loops_ring, uniq_robin, uniq_sigmund
D:3:      kennysheep_six_static_rooms, layout_basic, slow_altar_1,
          eat_drink_and_be_merry_uskayaw, minmay_misc_feat_secret_circle,
          hangedman_decor_slide_cut
D:4:      layout_cave_pools, elyvilon_altar_1, minmay_temple_entry_antechambers,
          kennysheep_generic_room_14, uniq_grinder, uniq_ijyb
D:5:      layout_cave_pods, mainiacjoe_overflow_boulevard,
          mainiacjoe_overflow_small_starburst, nicolae_ru_awakened_eye,
          uniq_duvessa
D:6:      layout_rooms, serial_glass, glass_columns_b, glass_columns_a,
          glass_columns_a, glass_columns_c, glass_columns_b, glass_columns_c,
          glass_columns_b, glass_columns_a, grunt_decor_junction,
          hangedman_decor_lopped, uniq_blork_the_orc, uniq_prince_ribbit1,
          uniq_eustachio
Temple:   corrupted_temple

Skill      XL: |  1  2  3  4  5  6  7  8 |
---------------+-------------------------+-----
Axes           | 2 |  2.1
Fighting       | 4 |  4.6
Armour         | 3 4 |  4.6
Unarmed Combat | 2 4 6 |  6.4
Dodging        | 1 2 |  2.2
Throwing       | 1 |  1.3
Stealth        | 1 |  1.2
Shields        | |  2.9

Action                   |  1- 3 |  4- 6 |  7- 9 || total
-------------------------+-------+-------+-------++-------
Melee: War axe           |    74 |       |       ||    74
       Kick              |     5 |    38 |    30 ||    73
       Unarmed           |       |   198 |    95 ||   293
       Punch             |       |     4 |     3 ||     7
Throw: Boomerang         |       |    21 |       ||    21
  Use: Potion            |     1 |       |     8 ||     9
       Scroll            |       |       |     7 ||     7
Armor: Scale mail        |    33 |    89 |    28 ||   150
       Ring mail         |       |       |    19 ||    19
Dodge: Dodged            |    31 |    89 |    66 ||   186
Block: Buckler           |    26 |       |       ||    26
